 Dungeon Crawl Stone Soup version 0.24.1-14-gf8d2b509d9 (webtiles) character file.

Game seed: 13812119318092816931, levelgen mode: deterministic

1070 Descartes the Shield-Bearer (level 8, -1/60 HPs)
             Began as a Formicid Fighter on May 16, 2020.
             Was an Initiate of Gozag.
             Slain by a hound (2 damage)
             ... on level 6 of the Dungeon.
             The game lasted 00:12:04 (5018 turns).

Descartes the Shield-Bearer (Formicid Fighter)      Turns: 5018, Time: 00:12:04

Health: -1/60      AC:  7    Str: 20    XL:     8   Next: 53%
Magic:  12/12      EV:  9    Int: 15    God:    Gozag
Gold:   453        SH: 10    Dex: 10    Spells: 12/13 levels left

rFire    + . .     SeeInvis +   a - +0 war axe
rCold    . . .     Gourm    .   c - +0 shield
rNeg     . . .     Faith    .   b - +0 scale mail
rPois    .         Spirit   .   (helmet unavailable)
rElec    .         Reflect  .   (no cloak)
rCorr    .         Harm     .   (no gloves)
MR       .....                  (no boots)
Stlth    ..........             (no amulet)
HPRegen  0.20/turn              i - +4 ring of intelligence
MPRegen  0.13/turn              p - ring of protection from fire

@: no status effects
A: permanent stasis, dig shafts and tunnels, four strong arms, antennae 3
a: Dig, Shaft Self, Potion Petition, Call Merchant, Bribe Branch, Renounce
Religion


You were on level 6 of the Dungeon.
You worshipped Gozag.
Gozag was aware of your devotion.
You were not hungry.

You visited 2 branches of the dungeon, and saw 7 of its levels.

You collected 517 gold pieces.
You paid 64 gold pieces to Gozag.

Inventory:

Hand Weapons
 a - a +0 war axe (weapon)
 z - a +2 flail of holy wrath
 F - a +0 long sword
Missiles
 n - 2 throwing nets (quivered)
 q - 7 boomerangs
 t - 31 arrows
 v - 106 stones
 x - 2 silver javelins
Armour
 b - a +0 scale mail (worn)
 c - a +0 shield (worn)
 G - a +0 chain mail
Jewellery
 i - a +4 ring of intelligence (left hand)
 l - an uncursed ring of flight
 p - a ring of protection from fire (right hand)
Wands
 I - a wand of polymorph (10)
Scrolls
 g - a scroll of immolation
 m - a scroll of blinking {unknown}
 o - a scroll of fog {unknown}
 s - 2 scrolls of enchant armour {unknown}
 w - 3 scrolls of identify {unknown}
 y - 4 scrolls of remove curse
 B - a scroll of noise {unknown}
 D - 2 scrolls of amnesia {unknown}
 E - 2 scrolls of magic mapping {unknown}
 H - 3 scrolls of teleportation {unknown}
Potions
 d - a potion of might
 e - 3 potions of mutation {unknown}
 h - 3 potions of brilliance {unknown}
 j - 2 potions of agility {unknown}
 k - a potion of magic {unknown}
 r - 2 potions of lignification {unknown}
 u - a potion of curing {unknown}
 A - a potion of invisibility {unknown}
 C - a potion of haste {unknown}
Comestibles
 f - 8 rations


   Skills:
 - Level 4.3 Fighting
 - Level 2.8 Axes
 + Level 5.5 Armour
 - Level 0.3 Dodging
 - Level 0.2 Stealth
 * Level 7.5 Shields
 + Level 3.3 Spellcasting
 + Level 2.1 Earth Magic
 + Level 3.4 Evocations


You had 12 spell levels left.
You knew the following spells:

 Your Spells              Type           Power        Failure   Level  Hunger
a - Sandblast             Erth           #.....       28%         1    #......

Your spell library contained the following spells:

 Spells                   Type           Power        Failure   Level  Hunger
 Passwall                 Tmut/Erth      #.......     56%         2    ##.....
 Stone Arrow              Conj/Erth      #.....       80%         3    ###....
 Petrify                  Tmut/Erth      #.......     99%         4    #####..
 Lee's Rapid Deconstruct  Erth           #.........   100%        5    ######.


Dungeon Overview and Level Annotations

Branches:
Dungeon (6/15)             Temple (1/1) D:4

Altars:
Ashenzari
Cheibriados
Dithmenos
Elyvilon
Fedhas
Gozag
Kikubaaqudgha
Makhleb
Nemelex Xobeh
Okawaru
Qazlal
Ru
Sif Muna
Trog
Uskayaw
Vehumet
Wu Jian
Xom
Yredelemnul
Zin
The Shining One

Annotations:
D:6 Prince Ribbit


Innate Abilities, Weirdness & Mutations

You cannot be hasted, slowed, berserked, paralysed or teleported.
You can dig through walls and to a lower floor.
Your four strong arms can wield two-handed weapons with a shield.
You have a pair of large antennae on your head. (SInv)


Message History

Prince Ribbit blinks!
You block the hound's attack.
You see here a +0 club.
The hound bites you but does no damage.
Prince Ribbit blinks!
You block the hound's attack.
There is a stone staircase leading down here.
The hound bites you.
* * * LOW HITPOINT WARNING * * *
Prince Ribbit blinks!
The hound bites you but does no damage.
The worker ant waves its antennae.
You block the hound's attack. You block the hound's attack.
Things that are here:
a +0 hand axe; a +0 leather armour The orc priest calls down the wrath of Beogh upon you.
Beogh smites you!
* * * LOW HITPOINT WARNING * * *
There is a stone staircase leading up, spattered with blood here.
The hound bites you.
You die...
Your body crumbles into a pile of gold.

### #.## ##..## ###
#..@.# .... ##h### .
... #...## .
##.####....##
#.#....##...{.#
....##.##....#..##o###
................o.oo{#
# #....
##.......o..{a## .#.
#.... #..........oo#
....


You could see a hound and an orc priest.

Vanquished Creatures
  An ice beast (D:5)
  A sky beast (D:4)
  2 phantoms (D:5)
  An ogre (D:4)
  A bullfrog (D:6)
  2 scorpions (D:4)
  A centaur zombie (D:6)
  2 jellies (D:5)
  A hound (D:4)
  Jessica (D:2)
  An orc wizard (D:3)
  3 worker ants
  2 iguanas
  A hound skeleton (D:4)
  8 adders
  An adder zombie (D:5)
  An adder skeleton (D:5)
  2 worms (D:3)
  2 dart slugs
  6 leopard geckos
  6 orcs
  A giant cockroach (D:1)
  4 goblins
  11 hobgoblins
  8 kobolds (D:3)
  3 quokkas
  7 bats
  3 frilled lizards
  A quokka skeleton (D:5)
  4 rats
88 creatures vanquished.

Notes
Turn   | Place    | Note
-------+----------+-------------------------------------------
     0 | D:1      | Descartes the Formicid Fighter began the quest for the Orb.
     0 | D:1      | Reached XP level 1. HP: 18/18 MP: 1/1
   156 | D:1      | Reached XP level 2. HP: 22/24 MP: 2/2
   573 | D:1      | Reached XP level 3. HP: 29/29 MP: 3/3
  1192 | D:2      | Noticed Jessica
  1197 | D:2      | Killed Jessica
  1197 | D:2      | Reached skill level 4 in Shields
  1197 | D:2      | Reached XP level 4. HP: 29/37 MP: 4/4
  1808 | D:3      | Reached XP level 5. HP: 24/42 MP: 5/5
  2237 | D:3      | Found an ornate altar of the Wu Jian Council.
  2237 | D:3      | Found a sparkling altar of Nemelex Xobeh.
  2240 | D:3      | Found a shimmering blue altar of Sif Muna.
  2240 | D:3      | Found a snail-covered altar of Cheibriados.
  2241 | D:3      | Found a white marble altar of Elyvilon.
  2243 | D:3      | Found a shadowy altar of Dithmenos.
  2243 | D:3      | Found a hide-covered altar of Uskayaw.
  2244 | D:3      | Found a sacrificial altar of Ru.
  2541 | D:3      | Reached skill level 1 in Spellcasting
  2632 | D:4      | Reached skill level 1 in Evocations
  2632 | D:4      | Reached XP level 6. HP: 48/48 MP: 7/7
  2691 | D:4      | Reached skill level 5 in Shields
  3029 | D:4      | Found a staircase to the Ecumenical Temple.
  3035 | Temple   | Entered the Ecumenical Temple
  3259 | Temple   | Became a worshipper of Gozag Ym Sagoz the Greedy
  3410 | D:4      | Reached XP level 7. HP: 41/54 MP: 9/9
  3529 | D:5      | Entered Level 5 of the Dungeon
  3545 | D:4      | Reached skill level 6 in Shields
  3965 | D:5      | Reached skill level 5 in Armour
  4085 | D:5      | Learned a level 1 spell: Sandblast
  4134 | D:5      | Reached XP level 8. HP: 13/60 MP: 10/12
  4314 | D:5      | Reached skill level 1 in Earth Magic
  4463 | D:5      | Reached skill level 7 in Shields
  5002 | D:6      | Noticed Prince Ribbit
  5017 | D:6      | HP: 1/60 [orc priest/divine providence (12)]
  5018 | D:6      | Slain by a hound

Levels and vault maps discovered:
D:1:      lightli_arrival_maybe_door_vault, layout_basic, minmay_tetromino_l2
D:2:      layout_loops_cross, kennysheep_cluttered_room, due_unseen_surprise,
          uniq_jessica
D:3:      layout_basic, grunt_temple_overflow_open, lexackson_kobold_supper
D:4:      layout_basic, minmay_temple_entry_overgrown
D:5:      layout_cave_pools, first_ration
D:6:      layout_cave_pools, uniq_eustachio, uniq_prince_ribbit1
Temple:   nicolae_temple_figure_eight

Skill      XL: |  1  2  3  4  5  6  7  8 |
---------------+-------------------------+-----
Shields        | 4 5 6 7 |  7.5
Fighting       | 4 |  4.3
Armour         | 4 5 |  5.5
Spellcasting   | 1 2 3 |  3.3
Evocations     | 1 2 3 |  3.4
Earth Magic    | 2 |  2.1
Axes           | |  2.8
Dodging        | |  0.3
Stealth        | |  0.2

Action                   |  1- 3 |  4- 6 |  7- 9 || total
-------------------------+-------+-------+-------++-------
Melee: War axe           |    67 |   162 |   170 ||   399
 Abil: Dig               |     1 |     2 |       ||     3
  Use: Scroll            |       |     2 |       ||     2
  Eat: Chunk             |     1 |     6 |       ||     7
       Ration            |       |       |     2 ||     2
Armor: Scale mail        |    29 |    57 |    60 ||   146
Dodge: Dodged            |    21 |    74 |    48 ||   143
Block: Shield            |    34 |    95 |    96 ||   225
